 Dungeon Crawl Stone Soup version 0.28-a0-1227-ga9037bb4c8 (webtiles) character file.

Game seed: 8432278433977555199

91687 tilp the Impaler (level 15, -2/126 HPs)
             Began as a Purple Draconian Cinder Acolyte on Dec 22, 2021.
             Was a High Priest of Ignis.
             Slain by an anaconda (4 damage)
             ... on level 1 of the Snake Pit.
             The game lasted 01:22:21 (42351 turns).

tilp the Impaler (Purple Draconian Cinder Acolyte) Turns: 42351, Time: 01:22:21

Health: -2/126     AC: 14    Str: 23    XL:     15   Next: 55%
Magic:  25/25      EV: 10    Int: 22    God:    Ignis [*****.]
Gold:   987        SH:  0    Dex:  8    Spells: 5/28 levels left

rFire   + + +      SeeInvis +   b - +12 halberd "Spiderslayer" {speed, rPois Will+ Int+2 Stlth-}
rCold   + . .      Faith    .   (shield currently unavailable)
rNeg    . . .      Spirit   .   (armour unavailable)
rPois   +          Reflect  .   G - +2 hat {Stlth+}
rElec   +          Harm     .   Q - scarf {rC+ rF+}
rCorr   .          Rampage  .   p - +0 pair of gloves
Will    +++..                   Z - +1 pair of boots
Stlth   +++.......              U - amulet of magic regeneration
HPRegen 0.31/turn               m - ring "Figry" {Str+3 Slay+3 SInv}
MPRegen 0.59/turn               F - ring "Zuys" {rElec rF+ Str+3}

@: constricted, studying Stealth
A: breathe power, AC +9, unfitting armour, cold-blooded
a: Breathe Dispelling Energy, Renounce Religion, Fiery Armour, Foxfire Swarm,
Rising Flame


You were on level 1 of the Snake Pit.
You worshipped Ignis.
Ignis was extremely pleased with you.
You visited 4 branches of the dungeon, and saw 24 of its levels.
You also visited: Bailey, Gauntlet and Ice Cave.

You collected 3709 gold pieces.
You spent 2722 gold pieces at shops.

Inventory:

Hand Weapons
 b - the +12 halberd "Spiderslayer" (weapon) {speed, rPois Will+ Int+2 Stlth-}
   (You found it on level 5 of the Lair of Beasts)

   Attacks with this weapon are significantly faster.
   Int:       It affects your intelligence (+2).
   rPois:     It protects you from poison.
   Will:      It increases your willpower.
   Stlth:     It makes you less stealthy.
Missiles
 n - 27 poisoned darts (quivered)
 r - 46 boomerangs
 t - 3 curare-tipped darts
 A - 2 atropa-tipped darts
 M - 3 throwing nets
Armour
 k - a +2 buckler of fire resistance
 p - a +0 pair of gloves (worn)
 G - a +2 hat of stealth (worn)
 Q - a scarf of resistance (worn)
 S - a +1 cloak of stealth
 Z - a +1 pair of boots (worn)
Jewellery
 m - the ring "Figry" (left hand) {Str+3 Slay+3 SInv}
   (You took it off a minotaur in a Gauntlet)

   [ring of see invisible]

   Str:       It affects your strength (+3).
   Slay:      It affects your accuracy & damage with ranged weapons and melee
   (+3).
   SInv:      It lets you see invisible.
 F - the ring "Zuys" (right hand) {rElec rF+ Str+3}
   (You bought it in a shop on level 2 of the Orcish Mines)

   [ring of protection from fire]

   Str:       It affects your strength (+3).
   rF:        It protects you from fire.
   rElec:     It insulates you from electricity.
 O - a ring of ice
 U - an amulet of magic regeneration (around neck)
 V - a ring of positive energy
Wands
 a - a wand of acid (10)
 o - a wand of flame (8)
 w - a wand of mindburst (18)
 y - a wand of paralysis (7)
 B - a wand of iceblast (21)
 I - a wand of charming (3)
 L - a wand of polymorph (11)
 X - a wand of digging (4)
Scrolls
 h - 8 scrolls of amnesia
 j - 2 scrolls of silence
 q - 3 scrolls of magic mapping
 z - 8 scrolls of blinking
 C - 6 scrolls of vulnerability
 E - a scroll of summoning
 H - 5 scrolls of teleportation
 K - 6 scrolls of fear
 N - 2 scrolls of enchant weapon
 R - a scroll of identify
Potions
 c - 2 potions of magic
 d - 2 potions of haste
 e - 2 potions of brilliance
 f - 9 potions of attraction
 g - 9 potions of curing
 i - 6 potions of lignification
 l - 8 potions of might
 u - 7 potions of heal wounds
 v - 2 potions of invisibility
 D - 2 potions of mutation
 J - 2 potions of cancellation
 T - 5 potions of ambrosia
 W - 2 potions of flight
 Y - a potion of resistance
Miscellaneous
 s - a piece from Xom's chessboard (15/15)
 x - a lightning rod (4/4)
 P - a phantom mirror


   Skills:
 - Level 10.0 Fighting
 - Level 12.1 Maces & Flails
 - Level 16.0 Polearms
 - Level 4.0 Throwing
 + Level 7.0 Dodging
 + Level 8.4 Stealth
 - Level 4.0 Shields
 - Level 7.0 Spellcasting
 - Level 4.0 Conjurations
 - Level 2.0 Translocations
 - Level 2.0 Transmutations
 - Level 8.0 Fire Magic
 - Level 2.0 Air Magic
 - Level 8.0 Poison Magic
 - Level 4.0 Evocations


You had 5 spell levels left.
You knew the following spells:

 Your Spells              Type           Power      Damage    Failure   Level
a - Scorch                Fire           84%        2d9       1%          2
b - Ignite Poison         Fire/Tmut/Pois 34%        N/A       1%          3
c - Olgreb's Toxic Radia  Pois           42%        N/A       3%          4
d - Mephitic Cloud        Conj/Pois/Air  28%        N/A       3%          3
e - Conjure Flame         Conj/Fire      34%        6-21      1%          3
f - Sticky Flame          Conj/Fire      34%        2d5       7%          4
g - Poisonous Vapours     Pois/Air       58%        N/A       1%          2
h - Blink                 Tloc           32%        N/A       5%          2

Your spell library contained the following spells:

 Spells                   Type           Power      Damage    Failure   Level
 Sting                    Tmut/Pois      100%       1d8       1%          1
 Apportation              Tloc           32%        N/A       3%          1
 Wereblood                Tmut           16%        N/A       5%          2
 Freeze                   Ice            28%        1d5       9%          1
 Corpse Rot               Necr/Air       24%        N/A       9%          2
 Passwall                 Tmut/Erth      10%        N/A       9%          2
 Lesser Beckoning         Tloc           16%        N/A       11%         3
 Swiftness                Air            16%        N/A       11%         3
 Sublimation of Blood     Necr           7%         N/A       12%         2
 Portal Projectile        Hex/Tloc       24%        N/A       16%         3
 Call Canine Familiar     Summ           7%         N/A       24%         3
 Frozen Ramparts          Ice            14%        1d3       24%         3
 Tukima's Dance           Hex            7%         N/A       24%         3
 Alistair's Intoxication  Tmut/Pois      19%        N/A       28%         5
 Hailstorm                Conj/Ice       16%        3d6       34%         4
 Passage of Golubria      Tloc           16%        N/A       34%         4
 Ice Form                 Ice/Tmut       12%        N/A       47%         4
 Animate Dead             Necr           3%         N/A       63%         4
 Leda's Liquefaction      Hex/Erth       3%         N/A       63%         4
 Summon Ice Beast         Ice/Summ       7%         N/A       63%         4
 Blade Hands              Tmut           8%         N/A       69%         5
 Freezing Cloud           Conj/Ice/Air   8%         6-21      69%         5
 Manifold Assault         Tloc           16%        N/A       69%         5
 Silence                  Hex/Air        6%         N/A       83%         5
 Yara's Violent Unravell  Hex/Tmut       6%         3d5       83%         5
 Borgnjor's Vile Clutch   Necr/Erth      3%         N/A       92%         5
 Lee's Rapid Deconstruct  Erth           3%         3d6*      92%         5
 Death Channel            Necr           3%         N/A       100%        6
 Simulacrum               Ice/Necr       3%         N/A       100%        6
 Statue Form              Tmut/Erth      8%         N/A       100%        6
 Summon Hydra             Summ           3%         N/A       100%        7
 Lehudib's Crystal Spear  Conj/Erth      8%         10d3      100%        8


Dungeon Overview and Level Annotations

Branches:
Dungeon (15/15)            Temple (0/1) D:6            Lair (6/6) D:9
  Swamp (0/4) Lair:4        Snake (1/4) Lair:4        Slime (0/5) Lair:6
    Orc (2/2) D:11            Elf (0/3) Orc:2        Vaults (0/5) D:13
 Bailey (visited)           IceCv (visited)         Gauntlet (visited)
 Depths: D:15

Altars:
Ashenzari
Cheibriados
Dithmenos
Hepliaklqana
Kikubaaqudgha
Okawaru
Qazlal
Ru
Sif Muna
Trog
Wu Jian
Yredelemnul
Zin
The Shining One

Shops:
D:4 !   Orc:1 ?   Orc:2 ?=*([

Portals:
Abyss: Lair:6
Pandemonium: Orc:2

Annotations:
D:14 2 transporters, TheNamelessOne's ghost, journeyman VSBe
D:15 exclusions: fire dragon and ice dragon
Lair:6 2 transporters, exclusion: 3 oklob plants, Yorgos's ghost, journeyman DjBe


Innate Abilities, Weirdness & Mutations

You can breathe bolts of dispelling energy.
Your rich purple scales are hard. (AC +9)
You cannot fit into any form of body armour.
You are cold-blooded and may be slowed by cold attacks.


Message History

The bolt of poison hits you! You resist. The black mamba bites you.
The black mamba hisses angrily.
Unknown command.
You puncture the anaconda!
The anaconda is severely wounded.
You hear a shout!
The black mamba bites you but does no damage.
The anaconda bites you. The anaconda constricts you.
You hear a shout!
Unknown command.
Unknown command.
You hit the anaconda.
Your tail-slap misses the anaconda.
The anaconda is severely wounded.
The black mamba bites you!
* * * LOW HITPOINT WARNING * * *
You are poisoned.
The black mamba poisons you!
The black mamba bites you but does no damage.
The guardian serpent hits you but does no damage.
The anaconda barely misses you. The anaconda constricts you.
* * * LOW HITPOINT WARNING * * *
Unknown command.
You escape the anaconda's grasp.
You feel very sick. The black mamba bites you!
* * * LOW HITPOINT WARNING * * *
The black mamba bites you.
* * * LOW HITPOINT WARNING * * *
You are lethally poisoned!
The black mamba poisons you!
You feel better.
The anaconda looks more healthy.
The guardian serpent casts a spell at you.
The naga blinks!
The black mamba bites you.
* * * LOW HITPOINT WARNING * * *
The black mamba bites you!
* * * LOW HITPOINT WARNING * * *
The anaconda misses you. The anaconda bites you!
* * * LOW HITPOINT WARNING * * *
The anaconda grabs you. The anaconda bites you.
You die...

. .. . .. ..###
.. .(..## .#
#.##...###.##..#
......SS@N.....#
###..SSSS.....#
#.#..N....... #
#ยง.NN......
#..N....>..
#.N......$.
#..........
##........#
.....(...


You could see a naga warrior, a naga sharpshooter, 2 anacondas, a guardian
serpent, 3 black mambas and 4 nagas.

Vanquished Creatures
  Frances (D:13)
  Donald (Orc:2)
  Snorg (D:13)
  A minotaur (Gauntlet)
  4 vault guards (D:13)
  Harold (D:8)
  3 boulder beetles
  9 hydras
  A catoblepas (Lair:6)
  4 centaur warriors
  13 death yaks
  The ghost of kMk the Earth Mage, a journeyman GrEE of Vehumet (D:10)
  2 demonspawn (Orc:2)
  Erica (D:8)
  3 two-headed ogres
  The ghost of p0werm0de the Fighter, a novice DsFi of Gozag (D:10)
  The ghost of bmj180 the Tainter, a novice DrVM of Vehumet (D:10)
  4 orc high priests (Orc:2)
  A deep troll shaman (Lair:6)
  The ghost of DEFE the Thaumaturge, a journeyman DECA of Ignis (D:10)
  A shock serpent (Snake:1)
  A soul eater (Orc:2)
  Nergalle (Lair:1)
  Urug (D:13)
  5 skeletal warriors
  2 bog bodies (Lair:4)
  6 orc knights
  2 lindwurms
  3 deep elf pyromancers
  2 manticores
  5 cyclopes
  7 orc sorcerers (Orc:2)
  7 ugly things
  2 wolf spiders (Lair:1)
  2 black mambas
  A guardian serpent (shapeshifter) (D:15)
  16 elephants
  6 cane toads
  An orange demon (Orc:2)
  A gargoyle (D:12)
  3 rime drakes (IceCv)
  An unseen horror (D:12)
  10 komodo dragons
  A kobold demonologist (D:12)
  A komodo dragon (shapeshifter) (D:13)
  An efreet (Gauntlet)
  An ice devil (Gauntlet)
  A hellwing (Orc:2)
  7 trolls
  6 polar bears
  A queen bee (shapeshifter) (D:15)
  A hornet (D:9)
  A raiju (Gauntlet)
  A dream sheep (Lair:2)
  14 blink frogs (Lair:6)
  A shadow (D:11)
  38 yaks
  A vampire (D:11)
  5 wyverns
  2 wraiths
  Eustachio (D:6)
  5 basilisks
  7 humans (D:13)
  A basilisk (shapeshifter) (D:13)
  2 chaos spawn (Orc:2)
  3 steam dragons
  2 fire elementals (Gauntlet)
  13 water moccasins
  2 hell hounds (Gauntlet)
  26 orc warriors
  An ice beast (D:5)
  4 black bears
  2 sky beasts (D:5)
  7 ogres
  12 wolves
  5 boggarts (D:14)
  6 centaurs
  4 kobold brigands
  2 phantoms
  8 bullfrogs
  2 gnoll sergeants
  2 scorpions (D:6)
  5 wights
  2 electric eels
  3 howler monkeys
  4 centaur zombies
  2 jellies (D:6)
  2 gnoll shamans
  19 orc priests
  2 hounds
  An iguana (D:6)
  21 orc wizards
  A hell rat (D:9)
  A killer bee zombie (D:9)
  A hound zombie (D:3)
  3 howler monkey zombies
  25 gnolls
  6 adders
  2 river rats (D:9)
  A shadow imp (D:6)
  5 white imps
  4 worms
  2 dart slugs
  70 orcs
  5 endoplasms
  2 giant cockroaches
  2 goblins
  6 hobgoblins
  6 jackals
  35 kobolds
  6 quokkas
  4 ball pythons
  5 bats
  4 frilled lizards
  8 rats
605 creatures vanquished.

Vanquished Creatures (others)
  A human (D:13)
  6 fungi
  16 plants
  2 withered plants (D:10)
25 creatures vanquished.

Grand Total: 630 creatures vanquished

Notes
Turn   | Place    | Note
-------+----------+-------------------------------------------
     0 | D:1      | tilp the Draconian Cinder Acolyte began the quest for the
                  | Orb.
     0 | D:1      | Reached XP level 1. HP: 19/19 MP: 2/2
   219 | D:1      | Reached XP level 2. HP: 15/26 MP: 3/3
   222 | D:1      | Learned a level 2 spell: Scorch
   464 | D:1      | Reached skill level 1 in Dodging
   577 | D:1      | Found a faded altar of an unknown god.
   850 | D:1      | Reached skill level 1 in Stealth
   906 | D:2      | Reached XP level 3. HP: 29/31 MP: 1/4
  1397 | D:2      | Reached XP level 4. HP: 40/40 MP: 0/5
  2001 | D:3      | Found Ozimnov's Distillery.
  2009 | D:3      | Bought a potion of curing for 33 gold pieces
  2022 | D:3      | Found an ancient bone altar of Kikubaaqudgha.
  2567 | D:3      | Reached XP level 5. HP: 46/46 MP: 1/6
  3321 | D:4      | Found Itakk's Distillery.
  3327 | D:4      | Bought a potion of heal wounds for 70 gold pieces
  3327 | D:4      | Bought a potion of curing for 42 gold pieces
  3380 | D:4      | Noticed an ogre
  3422 | D:4      | Killed an ogre
  3423 | D:4      | Reached XP level 6. HP: 52/52 MP: 7/7
  3501 | D:4      | Found a snail-covered altar of Cheibriados.
  4074 | D:5      | Entered Level 5 of the Dungeon
  4083 | D:5      | Reached skill level 5 in Stealth
  4375 | D:5      | Noticed an ice beast
  4773 | D:5      | Noticed a sky beast
  4785 | D:5      | Killed a sky beast
  4786 | D:5      | Your scales start taking on a rich purple colour.
  4786 | D:5      | Reached XP level 7. HP: 59/59 MP: 12/12
  5027 | D:5      | Found a broken altar of Ashenzari.
  5027 | D:5      | Found an iron altar of Okawaru.
  5033 | D:5      | Found an ornate altar of the Wu Jian Council.
  5111 | D:5      | Reached skill level 5 in Maces & Flails
  5145 | D:5      | Found a shimmering blue altar of Sif Muna.
  5145 | D:5      | Found a basalt altar of Yredelemnul.
  6210 | D:5      | Reached XP level 8. HP: 39/66 MP: 14/14
  6543 | D:6      | Noticed Eustachio
  6962 | D:6      | Killed Eustachio
  6963 | D:6      | Reached skill level 5 in Fire Magic
  7156 | D:6      | Found a stormy altar of Qazlal.
  7467 | D:6      | Found a staircase to the Ecumenical Temple.
  7585 | D:6      | Learned a level 3 spell: Ignite Poison
  7782 | D:6      | Found a glowing golden altar of the Shining One.
  8278 | D:7      | Got the Incunabulum of Mutagenic Contamination
  8394 | D:7      | Reached skill level 5 in Fighting
  8413 | D:7      | Reached XP level 9. HP: 32/74 MP: 11/15
  8760 | D:7      | Found a glowing silver altar of Zin.
  9304 | D:4      | Bought a potion of curing for 42 gold pieces
  9304 | D:4      | Bought 2 potions of heal wounds for 140 gold pieces
  9347 | D:3      | Bought a potion of invisibility for 88 gold pieces
  9553 | D:8      | Reached skill level 1 in Throwing
  9636 | D:8      | Reached skill level 1 in Evocations
  9754 | D:8      | Noticed Harold
  9926 | D:8      | Noticed Erica
  9941 | D:8      | Noticed a boulder beetle
 10281 | D:8      | Killed Erica
 10349 | D:8      | Found a shadowy altar of Dithmenos.
 10551 | D:8      | Found a sacrificial altar of Ru.
 10816 | D:8      | Reached skill level 1 in Poison Magic
 11006 | D:8      | Found a hazy altar of Hepliaklqana.
 11800 | D:9      | Reached skill level 1 in Transmutations
 11807 | D:9      | Reached XP level 10. HP: 25/83 MP: 11/16
 11894 | D:8      | Learned a level 4 spell: Olgreb's Toxic Radiance
 12304 | D:9      | Noticed a death yak
 12305 | D:9      | Noticed a death yak
 12398 | D:8      | Killed a death yak
 12924 | D:8      | Killed a death yak
 13081 | D:9      | Found a staircase to the Lair.
 13376 | D:9      | Noticed a death yak
 13639 | D:9      | Reached skill level 5 in Spellcasting
 13639 | D:9      | Reached skill level 5 in Poison Magic
 13657 | D:9      | Killed a death yak
 14069 | D:8      | Killed a boulder beetle
 14070 | D:8      | Reached XP level 11. HP: 14/89 MP: 3/18
 14655 | D:10     | Entered Level 10 of the Dungeon
 14658 | D:10     | Noticed a centaur warrior
 14668 | D:10     | Killed a centaur warrior
 14714 | D:10     | Found a flagged portal.
 14823 | Bailey   | Entered a bailey
 14954 | Bailey   | Noticed an orc knight
 14955 | Bailey   | Found an iron altar of Okawaru.
 14959 | Bailey   | Killed an orc knight
 14960 | Bailey   | Reached skill level 10 in Maces & Flails
 15909 | D:10     | Found a runed translucent gate.
 15910 | D:10     | Found a runed translucent gate.
 15910 | D:10     | Found a runed translucent gate.
 15911 | D:10     | Noticed kMk's ghost (journeyman GrEE)
 15911 | D:10     | Noticed bmj180's ghost (novice DrVM)
 15911 | D:10     | Noticed DEFE's ghost (journeyman DECA)
 15911 | D:10     | Noticed p0werm0de's ghost (novice DsFi)
 16342 | D:10     | Learned a level 3 spell: Mephitic Cloud
 16404 | D:11     | Noticed a two-headed ogre
 16473 | D:11     | Found a frozen archway.
 16559 | IceCv    | Entered an ice cave
 17003 | IceCv    | Noticed a death yak
 17010 | IceCv    | Noticed a death yak
 17012 | IceCv    | Noticed a death yak
 17398 | Lair:1   | Entered Level 1 of the Lair of Beasts
 17407 | Lair:1   | Noticed a wolf spider
 17407 | Lair:1   | Noticed a wolf spider
 17410 | Lair:1   | Killed a wolf spider
 17412 | Lair:1   | Killed a wolf spider
 17501 | Lair:1   | Learned a level 3 spell: Conjure Flame
 17506 | Lair:1   | Learned a level 4 spell: Sticky Flame
 18143 | Lair:1   | Reached XP level 12. HP: 82/101 MP: 1/19
 18264 | Lair:1   | Noticed Nergalle
 18273 | Lair:1   | Killed Nergalle
 18398 | Lair:1   | Learned a level 2 spell: Poisonous Vapours
 18532 | Lair:1   | Reached skill level 5 in Dodging
 19496 | Lair:2   | Noticed a five-headed hydra
 19841 | Lair:2   | Reached skill level 1 in Conjurations
 19841 | Lair:2   | Reached skill level 1 in Air Magic
 20381 | Lair:2   | Killed a five-headed hydra
 20919 | Lair:2   | Noticed a six-headed hydra
 20930 | Lair:2   | Killed a six-headed hydra
 21025 | Lair:3   | Noticed a death yak
 21027 | Lair:3   | Noticed a death yak
 21027 | Lair:3   | Noticed a death yak
 21027 | Lair:3   | Noticed a death yak
 21028 | Lair:3   | Noticed a death yak
 21040 | Lair:3   | Killed a death yak
 21042 | Lair:3   | Killed a death yak
 21564 | Lair:3   | Killed a death yak
 21566 | Lair:3   | Killed a death yak
 21568 | Lair:3   | Killed a death yak
 21569 | Lair:3   | Reached skill level 1 in Shields
 22481 | Lair:4   | Found a staircase to the Snake Pit.
 22843 | Lair:4   | Learned a level 2 spell: Blink
 22966 | Lair:4   | Noticed a six-headed hydra
 22973 | Lair:4   | Killed a six-headed hydra
 23140 | Lair:4   | Reached skill level 1 in Translocations
 23197 | Lair:4   | Reached XP level 13. HP: 94/107 MP: 15/23
 23256 | Lair:4   | Found a staircase to the Swamp.
 23896 | D:3      | Bought a potion of magic for 88 gold pieces
 23896 | D:3      | Bought a potion of ambrosia for 88 gold pieces
 23896 | D:3      | Bought a potion of might for 44 gold pieces
 23896 | D:3      | Bought a potion of brilliance for 44 gold pieces
 23896 | D:3      | Bought a potion of haste for 110 gold pieces
 23896 | D:3      | Bought a potion of mutation for 88 gold pieces
 24129 | Lair:5   | Identified the +12 halberd "Spiderslayer" {speed, rPois
                  | Will+ Int+2 Stlth-}
 24202 | Lair:5   | Reached skill level 1 in Polearms
 24844 | D:8      | Killed Harold
 24845 | D:8      | Reached skill level 2 in Polearms
 25219 | D:11     | Reached skill level 3 in Polearms
 25578 | D:11     | Found a staircase to the Orcish Mines.
 25640 | D:11     | Reached skill level 4 in Polearms
 26201 | D:11     | Reached skill level 5 in Polearms
 26627 | D:11     | Reached skill level 6 in Polearms
 27027 | Orc:1    | Entered Level 1 of the Orcish Mines
 27620 | Orc:1    | Found Igiuk's Magic Scroll Shop.
 27628 | Orc:1    | Bought a scroll of enchant armour for 75 gold pieces
 27895 | Lair:6   | Entered Level 6 of the Lair of Beasts
 27902 | Lair:6   | Reached skill level 7 in Polearms
 28082 | Lair:6   | Reached skill level 8 in Polearms
 28422 | Lair:6   | Reached skill level 9 in Polearms
 28868 | Lair:6   | Found a transporter.
 28869 | Lair:6   | Found a transporter.
 29072 | Lair:6   | Reached skill level 10 in Polearms
 29358 | Lair:6   | Noticed Yorgos's ghost (journeyman DjBe)
 29359 | Lair:6   | Found a one-way gate to the infinite horrors of the Abyss.
 29726 | Lair:6   | Found a staircase to the Slime Pits.
 29758 | Lair:6   | Reached XP level 14. HP: 115/115 MP: 7/24
 29916 | Lair:6   | Reached skill level 11 in Polearms
 30983 | Orc:2    | Entered Level 2 of the Orcish Mines
 31006 | Orc:2    | Found Uqecs's Antique Armour Shoppe.
 31032 | Orc:2    | Reached skill level 12 in Polearms
 31036 | Orc:2    | Found a staircase to the Elven Halls.
 31054 | Orc:2    | Found a gate leading to a gauntlet.
 31074 | Orc:2    | Noticed Donald
 31093 | Orc:2    | Killed Donald
 31100 | Gauntlet | Entered a Gauntlet
 31100 | Gauntlet | Found a transporter.
 31100 | Gauntlet | Found a transporter.
 31294 | Gauntlet | Found a transporter.
 31295 | Gauntlet | Found a transporter.
 31324 | Gauntlet | Found a transporter.
 31324 | Gauntlet | Found a transporter.
 31326 | Gauntlet | Found a transporter.
 31327 | Gauntlet | Found a transporter.
 31338 | Gauntlet | Found a transporter.
 31354 | Gauntlet | Found a transporter.
 31364 | Gauntlet | Found a transporter.
 31378 | Gauntlet | Found a transporter.
 31398 | Gauntlet | Found a transporter.
 31411 | Gauntlet | Found a transporter.
 31905 | Gauntlet | Identified the ring of Joemoih {rPois Str+6}
 32166 | Gauntlet | Identified the ring "Figry" {Str+3 Slay+3 SInv}
 32261 | Gauntlet | Identified the +1 shortbow of Esust {flame, Str+5}
 32964 | Orc:2    | Bought an embroidered scarf for 272 gold pieces
 32964 | Orc:2    | Bought an embroidered cloak for 255 gold pieces
 33326 | Orc:2    | Reached skill level 13 in Polearms
 33715 | Orc:2    | Found Temaanek's Magic Scroll Boutique.
 33722 | Orc:2    | Found Xuedghug's General Store.
 33891 | Orc:2    | Bought a scroll of fear for 42 gold pieces
 33891 | Orc:2    | Bought a scroll of blinking for 90 gold pieces
 35103 | Orc:2    | Reached skill level 14 in Polearms
 35918 | Orc:2    | Found Afrudgh's Antique Weapon Shoppe.
 35918 | Orc:2    | Found Doamozet's Jewellery Emporium.
 35919 | Orc:2    | Found a one-way gate leading to the halls of Pandemonium.
 35983 | Orc:2    | Bought the ring "Zuys" {rElec rF+ Str+3} for 724 gold
                  | pieces
 36016 | Orc:2    | Bought a scroll of teleportation for 36 gold pieces
 36018 | Orc:2    | Bought a potion of invisibility for 144 gold pieces
 36018 | Orc:2    | Bought a scroll of fear for 63 gold pieces
 36018 | Orc:2    | Bought a potion of mutation for 144 gold pieces
 36463 | D:12     | Reached skill level 15 in Polearms
 37444 | D:12     | Reached XP level 15. HP: 53/121 MP: 18/25
 37948 | D:13     | Noticed Frances
 37955 | D:13     | Killed Frances
 38258 | D:13     | Noticed Snorg
 38268 | D:13     | Killed Snorg
 38953 | D:13     | Reached skill level 16 in Polearms
 39404 | D:13     | Identified the +0 tower shield "Astroyli" {rF++ Will-}
 39442 | D:13     | Noticed Urug
 39447 | D:13     | Killed Urug
 39722 | D:13     | Found a gate to the Vaults.
 40938 | D:14     | Noticed TheNamelessOne's ghost (journeyman VSBe)
 40953 | D:14     | Found a bloodstained altar of Trog.
 40960 | D:14     | Found a transporter.
 40963 | D:14     | Found a transporter.
 41115 | D:15     | Entered Level 15 of the Dungeon
 42123 | D:10     | Killed kMk's ghost
 42134 | D:10     | Killed bmj180's ghost
 42137 | D:10     | Killed DEFE's ghost
 42138 | D:10     | Reached skill level 10 in Fighting
 42149 | D:10     | Killed p0werm0de's ghost
 42338 | Snake:1  | Entered Level 1 of the Snake Pit
 42351 | Snake:1  | HP: 2/126 [anaconda (11)]
 42351 | Snake:1  | Slain by an anaconda

Illustrated notes

Levels and vault maps discovered:
D:1:      co_arrival_square_in_a_square_in_a_square, layout_rooms,
          dreamdust_ecumenical_altar_statues, chequers_jeans
D:2:      layout_rooms, palyth_stone_intersect, minmay_strange_pillars,
          nicolae_underground_beach
D:3:      layout_loops_ring, overflow_temple_1_default, serial_shops,
          nicolae_shop_advertising_works [nicolae_subvault_shop_adworks],
          minmay_unequal
D:4:      layout_loops_cross, slow_altar_2, serial_shops, shop,
          minmay_hedge_maze
D:5:      layout_basic, grunt_temple_overflow_open, nicolae_wu_jian_wuxing_cycle
D:6:      layout_basic, mainiacjoe_overflow_24_doors,
          nicolae_qazlal_eye_of_the_storm, minmay_temple_entry_wispy,
          kennysheep_cross_room, st_stairs_14, kennysheep_generic_room_10,
          uniq_eustachio
D:7:      layout_cave_pools, lemuel_doored_altar, minmay_liquid_box,
          minivault_22
D:8:      layout_loops_ring, kennysheep_mini, grunt_dithmenos_shadows,
          nzn_hepliaklqana_mist_gate, uniq_harold, uniq_erica
D:9:      layout_small_grid, dpeg_lair_monsters
D:10:     layout_basic, enter_bailey_6, gammafunk_ghost_cemetery
D:11:     layout_roguey, orc_0_dummy, portal_ice_cave_entry_pillars_1,
          nzn_sisyphean_effort
D:12:     layout_loops_ring, drop_trap
D:13:     layout_loops_cross, ximxim_vaults_locker_room, uniq_frances,
          uniq_snorg, uniq_urug
D:14:     layout_irregular_city, serial_column_ruins, column_ruins_hut,
          column_ruins_hut, column_ruins_grid_1, column_ruins_columns_water,
          column_ruins_open_tiny, column_ruins_columns_dead_end,
          column_ruins_open_small_water, column_ruins_grid_1,
          column_ruins_grid_4, gammafunk_ghost_wrathful_warriors, kennysheep_nub
D:15:     grunt_enter_depths_hoard, layout_loops_ring, grunt_decor_resistance,
          hangedman_abyss_or_decor_stabs
Lair:1:   layout_chaotic_city, nicolae_lair_run_with_the_wolves,
          infiniplex_staircase_pool_2, uniq_nergalle
Lair:2:   layout_layer_cave, st_stairs_13, minmay_shattered_shrine,
          serial_bayou_shore_a
Lair:3:   layout_roguey
Lair:4:   layout_loops_ring, skrybe_swamp_entry_bodies, dummy_snake_entry
Lair:5:   layout_big_grid, lemuel_fruit_fields, lemuel_fruit_tree,
          grunt_megastairs_5
Lair:6:   grunt_lair_end_beastmaster, layout_big_grid,
          minmay_slime_entry_oklob_open, gammafunk_ghost_abyssal_escape,
          serial_bayou_pond_d, grunt_megastairs_3
Snake:1:  layout_rooms, serial_shops, shop
Orc:1:    layout_caves, serial_shops, shop
Orc:2:    pf_orc_diabolical, layout_caves, serial_shops,
          nicolae_shop_statue_plus, special_room, gauntlet_entry_generic,
          dreamdust_deal_with_the_devil, mines_bat_river, uniq_donald

Skill      XL: |  1  2  3  4  5  6  7  8  9 10 11 12 13 14 15 |
---------------+----------------------------------------------+-----
Dodging        | 1 2 4 6 7 |  7.0
Stealth        | 1 2 4 5 6 8 |  8.4
Fighting       | 4 5 6 7 8 10 | 10.0
Maces & Flails | 4 6 7 8 9 11 12 | 12.1
Spellcasting   | 3 4 5 7 |  7.0
Fire Magic     | 6 8 |  8.0
Throwing       | 4 |  4.0
Evocations     | 4 |  4.0
Poison Magic   | 2 6 8 |  8.0
Transmutations | 1 2 |  2.0
Conjurations   | 4 |  4.0
Air Magic      | 2 |  2.0
Shields        | 4 |  4.0
Translocations | 1 2 |  2.0
Polearms       | 10 15 16 | 16.0

Action                   |  1- 3 |  4- 6 |  7- 9 | 10-12 | 13-15 || total
-------------------------+-------+-------+-------+-------+-------++-------
Melee: Mace              |    57 |    95 |       |       |       ||   152
       Tailslap          |     4 |    16 |    25 |    35 |    41 ||   121
       Flail             |       |    70 |   239 |     8 |       ||   317
       Whip              |       |       |    13 |   199 |       ||   212
       Morningstar       |       |       |       |    21 |   156 ||   177
       Halberd           |       |       |       |       |   351 ||   351
Throw: Dart              |       |     3 |     4 |     4 |       ||    11
 Cast: Scorch            |    17 |    36 |    99 |    51 |    32 ||   235
       Ignite Poison     |       |       |     5 |    70 |   134 ||   209
       Olgreb's Toxic Ra |       |       |       |    57 |   103 ||   160
       Poisonous Vapours |       |       |       |    20 |    53 ||    73
       Sticky Flame      |       |       |       |     7 |    31 ||    38
       Conjure Flame     |       |       |       |     5 |    20 ||    25
       Blink             |       |       |       |     1 |       ||     1
       Mephitic Cloud    |       |       |       |       |    11 ||    11
Invok: Fiery Armour      |       |       |       |       |     1 ||     1
 Abil: Breathe Dispellin |       |       |     4 |     3 |     1 ||     8
Evoke: Wand              |       |       |       |     7 |     1 ||     8
       Phantom mirror    |       |       |       |       |     1 ||     1
  Use: Scroll            |     3 |     6 |     9 |     7 |     9 ||    34
       Potion            |       |     3 |       |     6 |     5 ||    14
 Stab: Sleeping          |       |     2 |     1 |     2 |    10 ||    15
       Confused          |       |       |       |       |     2 ||     2
Armor: Skin              |    20 |    70 |    91 |   117 |   134 ||   432
Dodge: Dodged            |    46 |    68 |   172 |   152 |   218 ||   656
Block: Buckler           |       |       |       |       |    25 ||    25

Table legend: (Time is in decaauts)
 A = Elapsed time spent in this place.
 B = Non-inter-level travel time spent in this place.
 C = Inter-level travel time spent in this place.
 D = Time resting spent in this place.
 E = Time spent auto-exploring this place.
 F = Levels seen in this place.
 G = Mean time per level.
                   A        B        C        D        E       F      G
               +--------+--------+--------+--------+--------+-----+--------+
         Total |  42219 |  39543 |   2676 |  13279 |  20571 |  27 | 1563.7 |
       Dungeon |  25339 |  23585 |   1754 |   7029 |  13099 |  15 | 1689.3 |
          Lair |  10312 |   9578 |    734 |   3187 |   5391 |   6 | 1718.7 |
     Snake Pit |      8 |      8 |      0 |      0 |      0 |   1 |    8.0 |
  Orcish Mines |   4374 |   4187 |    187 |   1986 |   1632 |   2 | 2187.0 |
        Bailey |    358 |    358 |      0 |    145 |     75 |   1 |  358.0 |
      Ice Cave |    492 |    492 |      0 |    326 |     31 |   1 |  492.0 |
      Gauntlet |   1333 |   1333 |      0 |    606 |    343 |   1 | 1333.0 |
               +--------+--------+--------+--------+--------+-----+--------+

Top non-repeatable levels by time:
     D:8: 3859 daAuts
   Orc:2: 3630 daAuts
  Lair:6: 2696 daAuts
     D:5: 2642 daAuts
  Lair:2: 2481 daAuts
    D:11: 2227 daAuts
    D:10: 2075 daAuts
    D:13: 1947 daAuts
     D:9: 1735 daAuts
  Lair:1: 1640 daAuts
    D:12: 1576 daAuts
     D:3: 1467 daAuts
     D:6: 1386 daAuts
  Lair:4: 1337 daAuts
Gauntlet: 1333 daAuts
